Lightning vs Red Wings

Created - November 24, 2023 at 19:05

Goals
1 2 3 T
Lightning 0 2 0 2
Red Wings 1 3 1 5
Shots
1 2 3 T
Lightning 10 11 8 29
Red Wings 9 9 8 26

1st period

1. Red Wings , Marcus Kruger 1 (David Rundblad 4, Tyler Weiman) at 10:52

Penalties :
Nino Niederreiter (Det) for Roughing (Minor) at 14:20

2nd period

2. Red Wings , Dylan Larkin 7 (Danton Heinen 5) at 7:14
3. Lightning , Yanni Gourde 8 (Kasperi Kapanen 12, Brendan Lemieux 7) at 8:18 (PP)
4. Red Wings , Ryan O'Reilly 5 (Jordan Eberle 8, Danton Heinen 6) at 11:55 (PP)
5. Lightning , Jakob Chychrun 2 (Jack Roslovic 12, Brock Boeser 5) at 12:32
6. Red Wings , Jordan Eberle 6 (David Rundblad 5) at 14:09

Penalties :
Brendan Woods (Det) for Holding (Minor) at 1:09, David Rundblad (Det) for Cross-checking (Minor) at 4:59, Jamie Arniel (Det) for Tripping (Minor) at 7:35, Brock Boeser (T.B) for Hooking (Minor) at 10:48, Drew Fata (Det) for Hooking (Minor) at 15:22

3rd period

7. Red Wings , Jamie Arniel 4 (Jake Gardiner 4, Jordan Eberle 9) at 13:38

Penalties :
Yanni Gourde (T.B) for Roughing (Minor) at 3:30, Jesper Fast (T.B) for Hooking (Minor) at 6:11, Jake Gardiner (Det) for Hooking (Minor) at 7:51, Brendan Woods (Det) for Interference (Minor) at 15:18, Victor Hedman (T.B) for Hooking (Minor) at 18:22

Goalie Stats

Alex Nedeljkovic (T.B), 12 saves from 16 shots - (0.750), L, 8-7-0, 34:09 minutes
Marc-André Fleury (T.B), 9 saves from 10 shots - (0.900), 25:51 minutes
Tyler Weiman (Det), 27 saves from 29 shots - (0.931), W, 5-5-0, 60:00 minutes

Players Stats for Lightning

Player Name              G  A  P  +/- PIM S  H  SB GA TA FO     MP     PP MP  PK MP  
------------------------------------------------------------------------------------
Alex Killorn             0  0  0   0  0   0  1  1  0  1  0/1     8:46   0:21   1:05 
Anthony Cirelli          0  0  0   0  0   2  0  2  0  0  2/2    19:20   5:32   1:26 
Brendan Lemieux          0  1  1  -1  0   1  0  1  0  0  2/2    23:35   6:25   3:52 
Brock Boeser             0  1  1   0  2   0  2  0  0  0  0/0    17:53   5:32   0:00 
Jack Roslovic            0  1  1   0  0   6  1  0  0  1  6/10   18:53   5:32   0:59 
Jakob Chychrun           1  0  1  -1  0   3  1  2  0  2  0/0    25:48   6:27   0:27 
Jesper Fast              0  0  0   0  2   1  0  0  0  1  0/1     7:22   0:03   0:00 
Jimmy Vesey              0  0  0  -2  0   1  0  0  0  0  0/1     8:19   0:00   0:00 
John Carlson             0  0  0  -1  0   2  4  0  0  2  0/0    28:50   6:27   3:14 
Kasperi Kapanen          0  1  1  -1  0   1  3  0  2  1  0/1    19:32   6:43   0:00 
Michael Kostka           0  0  0   0  0   0  1  0  0  0  0/0    13:12   0:00   3:32 
Noah Hanifin             0  0  0  -1  0   0  0  0  0  1  0/0    12:28   0:00   0:00 
Patrice Bergeron         0  0  0   0  0   0  2  0  0  0  3/3     8:46   0:00   1:26 
Sam Bennett              0  0  0  -2  0   0  1  0  0  0  0/2     8:44   0:25   0:00 
Shayne Gostisbehere      0  0  0  -2  0   3  0  2  2  0  0/0    21:45   5:51   3:09 
Tyler Kennedy            0  0  0  -2  0   1  1  0  1  0  0/1     9:48   0:00   1:19 
Victor Hedman            0  0  0  -1  2   2  3  0  0  1  0/0    17:56   5:51   2:24 
Yanni Gourde             1  0  1  -1  2   6  0  0  1  0  18/36  22:17   6:21   2:39 

Players Stats for Red Wings

Player Name              G  A  P  +/- PIM S  H  SB GA TA FO     MP     PP MP  PK MP  
------------------------------------------------------------------------------------
Alex DeBrincat           0  0  0   1  0   3  2  0  0  0  1/1    17:18   3:52   0:00 
Brendan Woods            0  0  0   0  4   0  1  1  1  0  0/0    10:18   0:00   2:58 
Cam Fowler               0  0  0   1  0   2  1  0  1  0  0/0    22:00   2:30   3:14 
Carson Mcmillan          0  0  0   0  0   1  0  0  0  1  0/1    14:17   0:00   7:15 
Cody Franson             0  0  0   2  0   0  0  0  0  0  0/0    13:15   0:00   0:00 
Danton Heinen            0  2  2   2  0   4  1  1  0  0  0/0    14:42   2:31   0:00 
David Rundblad           0  2  2   0  2   1  1  0  1  0  0/0    18:23   0:00   6:34 
Drew Fata                0  0  0   2  2   0  0  1  0  0  0/0    20:16   0:00   6:14 
Dylan Larkin             1  0  1   2  0   6  0  0  2  0  7/14   18:37   3:52   0:57 
Jake Gardiner            0  1  1   1  2   2  0  0  1  1  0/0    23:29   3:52   4:00 
Jamie Arniel             1  0  1   1  2   2  0  0  0  0  14/29  23:25   3:53   6:03 
Jordan Eberle            1  2  3   1  0   1  3  0  3  1  4/4    15:56   2:31   0:00 
Marcus Kruger            1  0  1   0  0   1  0  0  0  0  0/0     9:22   2:30   0:00 
Matt Martin              0  0  0   0  0   1  1  1  0  0  0/0     8:49   0:00   0:48 
Nino Niederreiter        0  0  0   2  2   1  1  1  0  1  0/3    19:21   3:52   2:22 
Roland McKeown           0  0  0   0  0   0  1  1  0  2  0/0    16:44   0:00   4:34 
Ryan O'Reilly            1  0  1   0  0   1  3  1  0  0  1/2     9:36   2:31   0:20 
T.J. Hensick             0  0  0   0  0   0  0  0  1  0  2/6    11:28   0:00   3:53 

3 Stars

1 - Jordan Eberle (Det)
2 - Danton Heinen (Det)
3 - Dylan Larkin (Det)

Power Play

Lightning - 1 on 7 Attempt(s) - 14.29%
Red Wings - 1 on 4 Attempt(s) - 25.00%

Penalty Kill

Lightning - 3 on 4 Attempt(s) - 75.00% - Score 0 goal in Penalty Kill
Red Wings - 6 on 7 Attempt(s) - 85.71% - Score 0 goal in Penalty Kill

Team Stat

Lightning - Hits : 20 - Faceoff Wins : 31 - Blocked Shots : 8 - Penalty Minutes : 8
Red Wings - Hits : 15 - Faceoff Wins : 29 - Blocked Shots : 7 - Penalty Minutes : 14

Official

Referees : Conor O'Donnell and Reid Anderson
Linesman : Kiel Murchison and Mark Shewchyk

Game Notes

Marc-André Fleury enters game at 14:09 of 2nd period

Finance

Level 1 -- Attendance: 5579 (92.98%) -- Ticket Income $557,900
Level 2 -- Attendance: 4518 (90.36%) -- Ticket Income $271,080
Level 3 -- Attendance: 2000 (100.00%) -- Ticket Income $70,000
Level 4 -- Attendance: 4000 (100.00%) -- Ticket Income $100,000
Luxury Box -- Attendance: 888 (88.80%) -- Ticket Income $177,600
Game was played at the Little Caesars arena.
Total Attendance: 16985 (94.36%)
Total Ticket Income: $1,176,580
Other Income: $176,487
Total Income: $1,353,067

Lightning

5 vs 5 Forward 
   Center                   Left Wing                Right Wing               Time % Phy DF OF 
 1 Yanni Gourde             Brendan Lemieux          Kasperi Kapanen          40     1   2  2  
 2 Jack Roslovic            Anthony Cirelli          Brock Boeser             30     1   2  2  
 3 Sam Bennett              Jimmy Vesey              Tyler Kennedy            20     1   2  2  
 4 Patrice Bergeron         Alex Killorn             Jesper Fast              10     1   2  2  

5 vs 5 Defense 
   Defense                  Defense                                           Time % Phy DF OF 
 1 John Carlson             Jakob Chychrun                                    40     1   2  2  
 2 Noah Hanifin             Shayne Gostisbehere                               30     1   2  2  
 3 Victor Hedman            Michael Kostka                                    20     1   2  2  
 4 Victor Hedman            Michael Kostka                                    10     1   2  2  

PowerPlay Forward 
   Center                   Left Wing                Right Wing               Time % Phy DF OF 
 1 Yanni Gourde             Brendan Lemieux          Kasperi Kapanen          60     1   2  2  
 2 Jack Roslovic            Anthony Cirelli          Brock Boeser             40     1   2  2  

PowerPlay Defense
   Defense                  Defense                                           Time % Phy DF OF 
 1 John Carlson             Jakob Chychrun                                    60     1   2  2  
 2 Victor Hedman            Shayne Gostisbehere                               40     1   2  2  

Penalty Kill 4 Players Forward 
   Center                   Wing                     Time % Phy DF OF 
 1 Yanni Gourde             Brendan Lemieux          60     1   2  2  
 2 Patrice Bergeron         Anthony Cirelli          40     1   2  2  

Penalty Kill 4 Players Defense
   Defense                  Defense                  Time % Phy DF OF 
 1 John Carlson             Michael Kostka           60     1   2  2  
 2 Victor Hedman            Shayne Gostisbehere      40     1   2  2  

Penalty Kill - 3 Players Forward 
   Forward                                           Time % Phy DF OF 
 1 Yanni Gourde                                      60     1   2  2  
 2 Brendan Lemieux                                   40     1   2  2  

Penalty Kill - 3 Players Defense
   Defense                  Defense                  Time % Phy DF OF 
 1 John Carlson             Michael Kostka           60     1   2  2  
 2 Victor Hedman            Shayne Gostisbehere      40     1   2  2  

4 vs 4 Forward 
   Center                   Wing                     Time % Phy DF OF 
 1 Yanni Gourde             Brendan Lemieux          60     1   2  2  
 2 Kasperi Kapanen          Patrice Bergeron         40     1   2  2  

4 vs 4 Defense
   Defense                  Defense                  Time % Phy DF OF 
 1 John Carlson             Jakob Chychrun           60     1   2  2  
 2 Noah Hanifin             Shayne Gostisbehere      40     1   2  2  

Last Minutes Offensive
   Center                   Left Wing                Right Wing               Defense                  Defense                  
   Yanni Gourde             Brendan Lemieux          Kasperi Kapanen          John Carlson             Jakob Chychrun           

Last Minutes Defensive
   Center                   Left Wing                Right Wing               Defense                  Defense                  
   Yanni Gourde             Brendan Lemieux          Kasperi Kapanen          John Carlson             Michael Kostka           

Goaltenders
Starting : Alex Nedeljkovic         
Backup : Marc-André Fleury        

Extra Forwards
Normal : Sam Bennett, Jack Roslovic, Tyler Kennedy - PP : Sam Bennett, Jack Roslovic - PK : Tyler Kennedy
Extra Defensemen
Normal : Noah Hanifin, Jakob Chychrun, Victor Hedman - PP : Noah Hanifin - PK : Jakob Chychrun, Victor Hedman
Penalty Shots
Yanni Gourde, Brendan Lemieux, Kasperi Kapanen, Patrice Bergeron, Sam Bennett
Custom OT Lines Forwards
Yanni Gourde, Brendan Lemieux, Kasperi Kapanen, Patrice Bergeron, Sam Bennett, Jimmy Vesey, Jack Roslovic, Brock Boeser, Tyler Kennedy, Jesper Fast
Custom OT Lines Defensemen
John Carlson, Michael Kostka, Victor Hedman, Shayne Gostisbehere, Noah Hanifin

Scratches
None

Red Wings

5 vs 5 Forward 
   Center                   Left Wing                Right Wing               Time % Phy DF OF 
 1 Dylan Larkin             Nino Niederreiter        Danton Heinen            35     1   2  2  
 2 Jamie Arniel             Alex DeBrincat           Jordan Eberle            35     1   2  2  
 3 Ryan O'Reilly            Matt Martin              Marcus Kruger            20     1   2  2  
 4 T.J. Hensick             Brendan Woods            Carson Mcmillan          10     1   2  2  

5 vs 5 Defense 
   Defense                  Defense                                           Time % Phy DF OF 
 1 Cam Fowler               Jake Gardiner                                     35     1   2  2  
 2 Drew Fata                Cody Franson                                      35     1   2  2  
 3 David Rundblad           Roland McKeown                                    20     1   2  2  
 4 David Rundblad           Roland McKeown                                    10     1   2  2  

PowerPlay Forward 
   Center                   Left Wing                Right Wing               Time % Phy DF OF 
 1 Dylan Larkin             Alex DeBrincat           Nino Niederreiter        60     1   2  2  
 2 Ryan O'Reilly            Danton Heinen            Jordan Eberle            40     1   2  2  

PowerPlay Defense
   Defense                  Defense                                           Time % Phy DF OF 
 1 Jamie Arniel             Jake Gardiner                                     60     1   2  2  
 2 Marcus Kruger            Cam Fowler                                        40     1   2  2  

Penalty Kill 4 Players Forward 
   Center                   Wing                     Time % Phy DF OF 
 1 Jamie Arniel             Carson Mcmillan          60     1   4  0  
 2 T.J. Hensick             Brendan Woods            40     1   4  0  

Penalty Kill 4 Players Defense
   Defense                  Defense                  Time % Phy DF OF 
 1 Drew Fata                David Rundblad           60     1   4  0  
 2 Roland McKeown           Jake Gardiner            40     1   4  0  

Penalty Kill - 3 Players Forward 
   Forward                                           Time % Phy DF OF 
 1 Carson Mcmillan                                   60     1   2  2  
 2 Jamie Arniel                                      40     1   2  2  

Penalty Kill - 3 Players Defense
   Defense                  Defense                  Time % Phy DF OF 
 1 Drew Fata                David Rundblad           60     1   2  2  
 2 Jake Gardiner            Roland McKeown           40     1   2  2  

4 vs 4 Forward 
   Center                   Wing                     Time % Phy DF OF 
 1 Dylan Larkin             Nino Niederreiter        60     1   2  2  
 2 Jordan Eberle            Alex DeBrincat           40     1   2  2  

4 vs 4 Defense
   Defense                  Defense                  Time % Phy DF OF 
 1 Drew Fata                Jake Gardiner            60     1   2  2  
 2 David Rundblad           Cam Fowler               40     1   2  2  

Last Minutes Offensive
   Center                   Left Wing                Right Wing               Defense                  Defense                  
   Dylan Larkin             Nino Niederreiter        Jordan Eberle            Jake Gardiner            Danton Heinen            

Last Minutes Defensive
   Center                   Left Wing                Right Wing               Defense                  Defense                  
   Jamie Arniel             T.J. Hensick             Carson Mcmillan          Jake Gardiner            Drew Fata                

Goaltenders
Starting : Tyler Weiman             
Backup : Ilya Samsonov            

Extra Forwards
Normal : Alex DeBrincat, Jamie Arniel, T.J. Hensick - PP : Jamie Arniel, T.J. Hensick - PK : Nino Niederreiter
Extra Defensemen
Normal : Roland McKeown, David Rundblad, Cam Fowler - PP : Roland McKeown - PK : Cam Fowler, Cody Franson
Penalty Shots
Dylan Larkin, Alex DeBrincat, Matt Martin, Carson Mcmillan, Jordan Eberle
Custom OT Lines Forwards
Dylan Larkin, Nino Niederreiter, Jordan Eberle, Alex DeBrincat, Danton Heinen, Ryan O'Reilly, Jamie Arniel, T.J. Hensick, Marcus Kruger, Carson Mcmillan
Custom OT Lines Defensemen
Jake Gardiner, Cam Fowler, Drew Fata, David Rundblad, Roland McKeown

Scratches
Alexandre Grenier (Healthy), Cam Barker (Healthy), Frans Nielsen (Healthy)

% Time on Ice - Lightning

Lines # - Real PCT - Wanted PCT - Time Play
Normal Forward
1 - 32% - 40% - 12:59
2 - 30% - 30% - 12:22
3 - 20% - 20% - 8:19
4 - 18% - 10% - 7:20
Normal Defense
1 - 46% - 40% - 18:50
2 - 31% - 30% - 12:45
3 - 18% - 20% - 7:22
4 - 5% - 10% - 2:03
PP Forward
1 - 55% - 60% - 6:46
2 - 45% - 40% - 5:32
PP Defense
1 - 52% - 60% - 6:27
2 - 48% - 40% - 5:51
PK Forward
1 - 78% - 60% - 4:57
2 - 22% - 40% - 1:26
PK Defense
1 - 51% - 60% - 3:14
2 - 49% - 40% - 3:09
PK3 Forward
1 - 0% - 60%
2 - 0% - 40%
PK3 Defense
1 - 0% - 60%
2 - 0% - 40%
44 Forward
1 - 100% - 60% - 0:19
2 - 0% - 40% - 0:00
44 Defense
1 - 100% - 60% - 0:19
2 - 0% - 40% - 0:00
Last Minute Offensive  - 0:00
Last Minute Defensive  - 0:00
Total
Forward - 60:00
Defense - 60:00

% Time on Ice - Red Wings

Lines # - Real PCT - Wanted PCT - Time Play
Normal Forward
1 - 34% - 35% - 13:56
2 - 33% - 35% - 13:28
3 - 16% - 20% - 6:42
4 - 17% - 10% - 6:54
Normal Defense
1 - 35% - 35% - 14:29
2 - 39% - 35% - 15:54
3 - 20% - 20% - 8:09
4 - 6% - 10% - 2:28
PP Forward
1 - 61% - 60% - 3:52
2 - 39% - 40% - 2:31
PP Defense
1 - 61% - 60% - 3:53
2 - 39% - 40% - 2:30
PK Forward
1 - 69% - 60% - 8:27
2 - 31% - 40% - 3:51
PK Defense
1 - 60% - 60% - 7:22
2 - 40% - 40% - 4:56
PK3 Forward
1 - 0% - 60%
2 - 0% - 40%
PK3 Defense
1 - 0% - 60%
2 - 0% - 40%
44 Forward
1 - 100% - 60% - 0:19
2 - 0% - 40% - 0:00
44 Defense
1 - 0% - 60% - 0:00
2 - 100% - 40% - 0:19
Last Minute Offensive  - 0:00
Last Minute Defensive  - 0:00
Total
Forward - 60:00
Defense - 60:00

Play-by-Play

1st period


0:01 of 1st period - Dylan Larkin wins face-off versus Yanni Gourde in neutral zone.
0:33 of 1st period - Tyler Kennedy is hit by Cam Fowler and loses puck.
0:52 of 1st period - Backhand shot by Danton Heinen.
0:52 of 1st period - Stopped by Alex Nedeljkovic with a rebound.
1:02 of 1st period - Slapshot by Danton Heinen.
1:02 of 1st period - Stopped by Alex Nedeljkovic with a rebound.
1:14 of 1st period - Snap shot by Dylan Larkin.
1:14 of 1st period - Shot Misses the Net.
1:16 of 1st period - Wrist shot by Dylan Larkin.
1:16 of 1st period - Stopped by Alex Nedeljkovic with a rebound.
1:18 of 1st period - Slapshot by Cam Fowler.
1:18 of 1st period - Shot Misses the Net.
1:36 of 1st period - Slapshot by Dylan Larkin.
1:36 of 1st period - Stopped by Alex Nedeljkovic without a rebound.
1:37 of 1st period - Yanni Gourde wins face-off versus Jamie Arniel in Lightning zone.
2:50 of 1st period - Cody Franson is hit by Michael Kostka and loses puck.
3:02 of 1st period - Brendan Lemieux is hit by Roland McKeown and loses puck.
3:39 of 1st period - Cam Fowler is hit by Patrice Bergeron and loses puck.
3:55 of 1st period - Cam Fowler is hit by Sam Bennett and loses puck.
5:11 of 1st period - Icing by Brendan Woods.
5:12 of 1st period - Yanni Gourde wins face-off versus T.J. Hensick in Red Wings zone.
5:46 of 1st period - Slapshot by Jamie Arniel.
5:46 of 1st period - Stopped by Alex Nedeljkovic without a rebound.
5:47 of 1st period - Jack Roslovic wins face-off versus Jamie Arniel in Lightning zone.
5:58 of 1st period - Snap shot by Jack Roslovic.
5:58 of 1st period - Stopped by Tyler Weiman with a rebound.
6:45 of 1st period - Snap shot by Sam Bennett.
6:45 of 1st period - Shot Blocked by Ryan O'Reilly.
9:21 of 1st period - Snap shot by Marcus Kruger.
9:21 of 1st period - Shot Misses the Net.
9:23 of 1st period - Slapshot by Roland McKeown.
9:23 of 1st period - Shot Misses the Net.
10:00 of 1st period - Slapshot by Jimmy Vesey.
10:00 of 1st period - Stopped by Tyler Weiman without a rebound.
10:01 of 1st period - Jamie Arniel wins face-off versus Yanni Gourde in Red Wings zone.
10:28 of 1st period - Cody Franson is hit by John Carlson and loses puck.
10:52 of 1st period - Slapshot by Marcus Kruger.
10:52 of 1st period - Goal by Marcus Kruger - Lightning : 0 - Red Wings : 1.
10:53 of 1st period - Brendan Lemieux wins face-off versus Jamie Arniel in neutral zone.
11:07 of 1st period - Backhand shot by Alex DeBrincat.
11:07 of 1st period - Stopped by Alex Nedeljkovic with a rebound.
11:21 of 1st period - Snap shot by Victor Hedman.
11:21 of 1st period - Stopped by Tyler Weiman with a rebound.
11:23 of 1st period - Snap shot by Brock Boeser.
11:23 of 1st period - Shot Misses the Net.
11:25 of 1st period - Slapshot by Anthony Cirelli.
11:25 of 1st period - Stopped by Tyler Weiman with a rebound.
11:27 of 1st period - Wrist shot by Anthony Cirelli.
11:27 of 1st period - Shot Blocked by Drew Fata.
11:29 of 1st period - Snap shot by Anthony Cirelli.
11:29 of 1st period - Stopped by Tyler Weiman with a rebound.
11:31 of 1st period - Slapshot by Anthony Cirelli.
11:31 of 1st period - Shot Hit the Post.
11:33 of 1st period - Slapshot by Victor Hedman.
11:33 of 1st period - Stopped by Tyler Weiman without a rebound.
11:34 of 1st period - Jamie Arniel wins face-off versus Jimmy Vesey in Red Wings zone.
13:13 of 1st period - Wrist shot by Sam Bennett.
13:13 of 1st period - Shot Misses the Net.
13:15 of 1st period - Snap shot by Tyler Kennedy.
13:15 of 1st period - Stopped by Tyler Weiman with a rebound.
13:25 of 1st period - Yanni Gourde is hit by Danton Heinen and loses puck.
13:34 of 1st period - Slapshot by Danton Heinen.
13:34 of 1st period - Shot Misses the Net.
13:36 of 1st period - Snap shot by Danton Heinen.
13:36 of 1st period - Stopped by Alex Nedeljkovic without a rebound.
13:37 of 1st period - Jack Roslovic wins face-off versus Jamie Arniel in Lightning zone.
13:50 of 1st period - Roland McKeown is hit by Victor Hedman and loses puck.
14:03 of 1st period - Roland McKeown is hit by Kasperi Kapanen.
14:07 of 1st period - Snap shot by Danton Heinen.
14:07 of 1st period - Shot Misses the Net.
14:20 of 1st period - Minor Penalty to Nino Niederreiter for Roughing.
14:21 of 1st period - Yanni Gourde wins face-off versus Jamie Arniel in Red Wings zone.
14:25 of 1st period - Snap shot by Brendan Lemieux.
14:25 of 1st period - Stopped by Tyler Weiman with a rebound.
14:27 of 1st period - Slapshot by Brendan Lemieux.
14:27 of 1st period - Shot Misses the Net.
14:29 of 1st period - Snap shot by Yanni Gourde.
14:29 of 1st period - Stopped by Tyler Weiman with a rebound.
14:31 of 1st period - Snap shot by Kasperi Kapanen.
14:31 of 1st period - Deflect By Yanni Gourde.
14:31 of 1st period - Stopped by Tyler Weiman without a rebound.
14:32 of 1st period - Jamie Arniel wins face-off versus Yanni Gourde in Red Wings zone.
14:32 of 1st period - Jamie Arniel is hit by Kasperi Kapanen.
15:30 of 1st period - Kasperi Kapanen is hit by Brendan Woods and loses puck.
15:53 of 1st period - David Rundblad is hit by Brock Boeser and loses puck.
16:20 of 1st period - Penalty to Nino Niederreiter is over, Nino Niederreiter is back on ice.
16:22 of 1st period - Roland McKeown is hit by Kasperi Kapanen and loses puck.
17:09 of 1st period - Wrist shot by Jake Gardiner.
17:09 of 1st period - Deflect By Dylan Larkin.
17:09 of 1st period - Stopped by Alex Nedeljkovic with a rebound.
17:21 of 1st period - Snap shot by Jamie Arniel.
17:21 of 1st period - Shot Misses the Net.
17:38 of 1st period - Drew Fata is hit by John Carlson and loses puck.
17:47 of 1st period - Slapshot by Patrice Bergeron.
17:47 of 1st period - Shot Blocked by Brendan Woods.
18:18 of 1st period - Brendan Lemieux is hit by Ryan O'Reilly and loses puck.
19:06 of 1st period - Cam Fowler is hit by Patrice Bergeron and loses puck.
19:13 of 1st period - David Rundblad is hit by Victor Hedman.
19:23 of 1st period - T.J. Hensick is hit by Tyler Kennedy and loses puck.
19:40 of 1st period - John Carlson is hit by David Rundblad and loses puck.
19:53 of 1st period - Anthony Cirelli is hit by Alex DeBrincat and loses puck.
Goals for this period are 0 for Lightning vs 1 for Red Wings.
Shots for this period are 10 for Lightning vs 9 for Red Wings.

2nd period


0:01 of 2nd period - Jordan Eberle wins face-off versus Yanni Gourde in neutral zone.
0:28 of 2nd period - Snap shot by Danton Heinen.
0:28 of 2nd period - Shot Misses the Net.
0:30 of 2nd period - Wrist shot by Danton Heinen.
0:30 of 2nd period - Shot Misses the Net.
0:36 of 2nd period - Slapshot by Jakob Chychrun.
0:36 of 2nd period - Shot Misses the Net.
1:00 of 2nd period - Snap shot by Matt Martin.
1:00 of 2nd period - Stopped by Alex Nedeljkovic with a rebound.
1:09 of 2nd period - Minor Penalty to Brendan Woods for Holding.
1:10 of 2nd period - Yanni Gourde wins face-off versus Jamie Arniel in Red Wings zone.
1:36 of 2nd period - Drew Fata is hit by Jakob Chychrun and loses puck.
1:47 of 2nd period - Wrist shot by Jack Roslovic.
1:47 of 2nd period - Stopped by Tyler Weiman with a rebound.
2:35 of 2nd period - Slapshot by Jake Gardiner.
2:35 of 2nd period - Stopped by Alex Nedeljkovic with a rebound.
3:09 of 2nd period - Penalty to Brendan Woods is over, Brendan Woods is back on ice.
3:14 of 2nd period - Icing by Jesper Fast.
3:15 of 2nd period - Patrice Bergeron wins face-off versus Ryan O'Reilly in Lightning zone.
3:15 of 2nd period - Patrice Bergeron is hit by Ryan O'Reilly.
4:59 of 2nd period - Minor Penalty to David Rundblad for Cross-checking.
5:00 of 2nd period - Yanni Gourde wins face-off versus Jamie Arniel in Red Wings zone.
5:34 of 2nd period - Snap shot by Jack Roslovic.
5:34 of 2nd period - Deflect By Jake Gardiner.
5:34 of 2nd period - Shot Misses the Net.
5:34 of 2nd period - Puck is out of play.
5:35 of 2nd period - Jack Roslovic wins face-off versus T.J. Hensick in Red Wings zone.
6:04 of 2nd period - Slapshot by Shayne Gostisbehere.
6:04 of 2nd period - Shot Misses the Net.
6:06 of 2nd period - Slapshot by Shayne Gostisbehere.
6:06 of 2nd period - Stopped by Tyler Weiman without a rebound.
6:07 of 2nd period - Jamie Arniel wins face-off versus Yanni Gourde in Red Wings zone.
6:07 of 2nd period - Jamie Arniel is hit by John Carlson.
6:59 of 2nd period - Penalty to David Rundblad is over, David Rundblad is back on ice.
7:12 of 2nd period - Wrist shot by Danton Heinen.
7:12 of 2nd period - Shot Misses the Net.
7:14 of 2nd period - Wrist shot by Dylan Larkin.
7:14 of 2nd period - Goal by Dylan Larkin - Lightning : 0 - Red Wings : 2.
7:15 of 2nd period - Jamie Arniel wins face-off versus Yanni Gourde in neutral zone.
7:26 of 2nd period - Snap shot by Jamie Arniel.
7:26 of 2nd period - Deflect By Jordan Eberle.
7:26 of 2nd period - Shot Blocked by Jakob Chychrun.
7:26 of 2nd period - Puck is out of play.
7:27 of 2nd period - Yanni Gourde wins face-off versus Jamie Arniel in Lightning zone.
7:35 of 2nd period - Minor Penalty to Jamie Arniel for Tripping.
7:36 of 2nd period - Yanni Gourde wins face-off versus Nino Niederreiter in Red Wings zone.
7:40 of 2nd period - Snap shot by Yanni Gourde.
7:40 of 2nd period - Stopped by Tyler Weiman with a rebound.
7:42 of 2nd period - Slapshot by Yanni Gourde.
7:42 of 2nd period - Stopped by Tyler Weiman with a rebound.
7:44 of 2nd period - Snap shot by Jakob Chychrun.
7:44 of 2nd period - Stopped by Tyler Weiman without a rebound.
7:45 of 2nd period - Yanni Gourde wins face-off versus Nino Niederreiter in Red Wings zone.
8:10 of 2nd period - Wrist shot by Kasperi Kapanen.
8:10 of 2nd period - Shot Misses the Net.
8:12 of 2nd period - Slapshot by Yanni Gourde.
8:12 of 2nd period - Shot Misses the Net.
8:14 of 2nd period - Snap shot by Yanni Gourde.
8:14 of 2nd period - Stopped by Tyler Weiman with a rebound.
8:18 of 2nd period - Snap shot by Yanni Gourde.
8:18 of 2nd period - Goal by Yanni Gourde - Lightning : 1 - Red Wings : 2.
8:19 of 2nd period - Anthony Cirelli wins face-off versus Jamie Arniel in neutral zone.
8:47 of 2nd period - Off-side.
8:48 of 2nd period - Yanni Gourde wins face-off versus Dylan Larkin in neutral zone.
9:14 of 2nd period - Jordan Eberle is hit by Jack Roslovic and loses puck.
9:39 of 2nd period - Snap shot by Jimmy Vesey.
9:39 of 2nd period - Shot Misses the Net.
9:41 of 2nd period - Snap shot by Jakob Chychrun.
9:41 of 2nd period - Stopped by Tyler Weiman with a rebound.
9:43 of 2nd period - Snap shot by Jimmy Vesey.
9:43 of 2nd period - Shot Misses the Net.
9:45 of 2nd period - Snap shot by Sam Bennett.
9:45 of 2nd period - Shot Misses the Net.
9:47 of 2nd period - Slapshot by Jakob Chychrun.
9:47 of 2nd period - Shot Blocked by Matt Martin.
10:21 of 2nd period - Snap shot by Carson Mcmillan.
10:21 of 2nd period - Stopped by Alex Nedeljkovic with a rebound.
10:48 of 2nd period - Minor Penalty to Brock Boeser for Hooking.
10:49 of 2nd period - Yanni Gourde wins face-off versus Dylan Larkin in Lightning zone.
10:57 of 2nd period - John Carlson is hit by Alex DeBrincat and loses puck.
11:25 of 2nd period - Brendan Lemieux is hit by Ryan O'Reilly and loses puck.
11:36 of 2nd period - Patrice Bergeron is hit by Jordan Eberle and loses puck.
11:49 of 2nd period - Snap shot by Danton Heinen.
11:49 of 2nd period - Deflect By Shayne Gostisbehere.
11:49 of 2nd period - Stopped by Alex Nedeljkovic with a rebound.
11:55 of 2nd period - Snap shot by Ryan O'Reilly.
11:55 of 2nd period - Goal by Ryan O'Reilly - Lightning : 1 - Red Wings : 3.
11:56 of 2nd period - Yanni Gourde wins face-off versus Carson Mcmillan in neutral zone.
12:28 of 2nd period - Wrist shot by Jack Roslovic.
12:28 of 2nd period - Stopped by Tyler Weiman with a rebound.
12:30 of 2nd period - Wrist shot by Jakob Chychrun.
12:30 of 2nd period - Deflect By Jack Roslovic.
12:30 of 2nd period - Stopped by Tyler Weiman with a rebound.
12:32 of 2nd period - Slapshot by Jakob Chychrun.
12:32 of 2nd period - Goal by Jakob Chychrun - Lightning : 2 - Red Wings : 3.
12:33 of 2nd period - Dylan Larkin wins face-off versus Kasperi Kapanen in neutral zone.
12:45 of 2nd period - Slapshot by Dylan Larkin.
12:45 of 2nd period - Shot Blocked by Brendan Lemieux.
13:08 of 2nd period - Snap shot by Jamie Arniel.
13:08 of 2nd period - Shot Misses the Net.
13:10 of 2nd period - Snap shot by Jamie Arniel.
13:10 of 2nd period - Shot Misses the Net.
13:55 of 2nd period - Slapshot by Jake Gardiner.
13:55 of 2nd period - Shot Blocked by Alex Killorn.
14:09 of 2nd period - Wrist shot by Jordan Eberle.
14:09 of 2nd period - Goal by Jordan Eberle - Lightning : 2 - Red Wings : 4.
14:09 of 2nd period - Marc-André Fleury enters game.
14:10 of 2nd period - Dylan Larkin wins face-off versus Yanni Gourde in neutral zone.
14:15 of 2nd period - Slapshot by Dylan Larkin.
14:15 of 2nd period - Stopped by Marc-André Fleury with a rebound.
14:25 of 2nd period - Snap shot by Brendan Lemieux.
14:25 of 2nd period - Shot Blocked by Nino Niederreiter.
14:35 of 2nd period - Anthony Cirelli is hit by Jordan Eberle and loses puck.
14:41 of 2nd period - Icing by Anthony Cirelli.
14:42 of 2nd period - Jordan Eberle wins face-off versus Jack Roslovic in Lightning zone.
14:57 of 2nd period - Wrist shot by Jack Roslovic.
14:57 of 2nd period - Shot Misses the Net.
15:00 of 2nd period - Icing by Jamie Arniel.
15:01 of 2nd period - Alex DeBrincat wins face-off versus Yanni Gourde in Red Wings zone.
15:06 of 2nd period - Slapshot by Jamie Arniel.
15:06 of 2nd period - Shot Misses the Net.
15:22 of 2nd period - Minor Penalty to Drew Fata for Hooking.
15:23 of 2nd period - Jamie Arniel wins face-off versus Yanni Gourde in Red Wings zone.
15:32 of 2nd period - Slapshot by David Rundblad.
15:32 of 2nd period - Stopped by Marc-André Fleury without a rebound.
15:33 of 2nd period - Yanni Gourde wins face-off versus Jamie Arniel in Lightning zone.
17:22 of 2nd period - Penalty to Drew Fata is over, Drew Fata is back on ice.
17:33 of 2nd period - Dylan Larkin is hit by Victor Hedman and loses puck.
17:55 of 2nd period - Off-side.
17:56 of 2nd period - Patrice Bergeron wins face-off versus Jamie Arniel in neutral zone.
18:05 of 2nd period - Wrist shot by Jordan Eberle.
18:05 of 2nd period - Shot Misses the Net.
18:22 of 2nd period - Off-side.
18:23 of 2nd period - Jack Roslovic wins face-off versus Dylan Larkin in neutral zone.
19:01 of 2nd period - Backhand shot by Nino Niederreiter.
19:01 of 2nd period - Shot Blocked by Anthony Cirelli.
19:03 of 2nd period - Snap shot by Cody Franson.
19:03 of 2nd period - Shot Blocked by Shayne Gostisbehere.
19:05 of 2nd period - Snap shot by Nino Niederreiter.
19:05 of 2nd period - Shot Hit the Post.
19:07 of 2nd period - Slapshot by Drew Fata.
19:07 of 2nd period - Shot Blocked by Anthony Cirelli.
Goals for this period are 2 for Lightning vs 3 for Red Wings.
Shots for this period are 11 for Lightning vs 9 for Red Wings.

3rd period


0:01 of 3rd period - Jamie Arniel wins face-off versus Yanni Gourde in neutral zone.
0:03 of 3rd period - Off-side.
0:04 of 3rd period - Jordan Eberle wins face-off versus Yanni Gourde in neutral zone.
0:34 of 3rd period - Slapshot by Cam Fowler.
0:34 of 3rd period - Stopped by Marc-André Fleury with a rebound.
0:38 of 3rd period - Snap shot by Dylan Larkin.
0:38 of 3rd period - Stopped by Marc-André Fleury without a rebound.
0:39 of 3rd period - Yanni Gourde wins face-off versus Dylan Larkin in Lightning zone.
1:30 of 3rd period - Icing by Shayne Gostisbehere.
1:31 of 3rd period - Dylan Larkin wins face-off versus Sam Bennett in Lightning zone.
1:42 of 3rd period - Slapshot by Shayne Gostisbehere.
1:42 of 3rd period - Stopped by Tyler Weiman with a rebound.
1:54 of 3rd period - Slapshot by Shayne Gostisbehere.
1:54 of 3rd period - Deflect By Sam Bennett.
1:54 of 3rd period - Shot Misses the Net.
1:54 of 3rd period - Puck is out of play.
1:55 of 3rd period - Yanni Gourde wins face-off versus Jamie Arniel in Red Wings zone.
3:23 of 3rd period - Off-side.
3:24 of 3rd period - Jamie Arniel wins face-off versus Yanni Gourde in neutral zone.
3:30 of 3rd period - Minor Penalty to Yanni Gourde for Roughing.
3:31 of 3rd period - Dylan Larkin wins face-off versus Tyler Kennedy in Lightning zone.
4:05 of 3rd period - Snap shot by Jake Gardiner.
4:05 of 3rd period - Stopped by Marc-André Fleury with a rebound.
4:07 of 3rd period - Wrist shot by Danton Heinen.
4:07 of 3rd period - Shot Misses the Net.
4:36 of 3rd period - Icing by Jordan Eberle.
4:37 of 3rd period - Ryan O'Reilly wins face-off versus Jack Roslovic in Red Wings zone.
5:30 of 3rd period - Penalty to Yanni Gourde is over, Yanni Gourde is back on ice.
5:39 of 3rd period - Snap shot by T.J. Hensick.
5:39 of 3rd period - Deflect By Brendan Woods.
5:39 of 3rd period - Shot Misses the Net.
5:39 of 3rd period - Puck is out of play.
5:40 of 3rd period - T.J. Hensick wins face-off versus Jesper Fast in Lightning zone.
5:47 of 3rd period - Slapshot by Jakob Chychrun.
5:47 of 3rd period - Deflect By Patrice Bergeron.
5:47 of 3rd period - Shot Blocked by Roland McKeown.
5:47 of 3rd period - Puck is out of play.
5:48 of 3rd period - Jamie Arniel wins face-off versus Alex Killorn in Red Wings zone.
6:04 of 3rd period - David Rundblad is hit by John Carlson and loses puck.
6:11 of 3rd period - Minor Penalty to Jesper Fast for Hooking.
6:12 of 3rd period - Yanni Gourde wins face-off versus Nino Niederreiter in Lightning zone.
6:23 of 3rd period - Backhand shot by Nino Niederreiter.
6:23 of 3rd period - Stopped by Marc-André Fleury without a rebound.
6:24 of 3rd period - Dylan Larkin wins face-off versus Yanni Gourde in Lightning zone.
7:51 of 3rd period - Minor Penalty to Jake Gardiner for Hooking.
7:52 of 3rd period - Yanni Gourde wins face-off versus T.J. Hensick in Red Wings zone.
8:11 of 3rd period - Penalty to Jesper Fast is over, Jesper Fast is back on ice.
9:20 of 3rd period - Icing by Sam Bennett.
9:21 of 3rd period - T.J. Hensick wins face-off versus Sam Bennett in Lightning zone.
9:24 of 3rd period - Wrist shot by Cam Fowler.
9:24 of 3rd period - Stopped by Marc-André Fleury with a rebound.
9:30 of 3rd period - Slapshot by Victor Hedman.
9:30 of 3rd period - Shot Misses the Net.
9:32 of 3rd period - Slapshot by Shayne Gostisbehere.
9:32 of 3rd period - Stopped by Tyler Weiman without a rebound.
9:33 of 3rd period - Anthony Cirelli wins face-off versus Jamie Arniel in Red Wings zone.
9:36 of 3rd period - Snap shot by John Carlson.
9:36 of 3rd period - Stopped by Tyler Weiman without a rebound.
9:37 of 3rd period - Jamie Arniel wins face-off versus Jack Roslovic in Red Wings zone.
9:51 of 3rd period - Penalty to Jake Gardiner is over, Jake Gardiner is back on ice.
10:06 of 3rd period - Slapshot by Kasperi Kapanen.
10:06 of 3rd period - Stopped by Tyler Weiman with a rebound.
10:24 of 3rd period - Snap shot by Alex Killorn.
10:24 of 3rd period - Shot Blocked by Danton Heinen.
10:26 of 3rd period - Wrist shot by Jesper Fast.
10:26 of 3rd period - Stopped by Tyler Weiman without a rebound.
10:27 of 3rd period - Patrice Bergeron wins face-off versus Jamie Arniel in Red Wings zone.
10:39 of 3rd period - Icing by Cody Franson.
10:40 of 3rd period - Jamie Arniel wins face-off versus Yanni Gourde in Red Wings zone.
11:30 of 3rd period - Sam Bennett is hit by Nino Niederreiter and loses puck.
11:37 of 3rd period - Snap shot by Nino Niederreiter.
11:37 of 3rd period - Shot Misses the Net.
11:47 of 3rd period - Wrist shot by Yanni Gourde.
11:47 of 3rd period - Shot Misses the Net.
11:49 of 3rd period - Slapshot by Shayne Gostisbehere.
11:49 of 3rd period - Shot Misses the Net.
12:30 of 3rd period - Wrist shot by Jack Roslovic.
12:30 of 3rd period - Stopped by Tyler Weiman without a rebound.
12:31 of 3rd period - Jack Roslovic wins face-off versus Jamie Arniel in Red Wings zone.
12:32 of 3rd period - Snap shot by Brock Boeser.
12:32 of 3rd period - Shot Misses the Net.
12:42 of 3rd period - Wrist shot by Jack Roslovic.
12:42 of 3rd period - Stopped by Tyler Weiman without a rebound.
12:43 of 3rd period - Jamie Arniel wins face-off versus Yanni Gourde in Red Wings zone.
13:15 of 3rd period - Slapshot by Danton Heinen.
13:15 of 3rd period - Deflect By Nino Niederreiter.
13:15 of 3rd period - Shot Blocked by Shayne Gostisbehere.
13:15 of 3rd period - Puck is out of play.
13:16 of 3rd period - Brendan Lemieux wins face-off versus Dylan Larkin in Lightning zone.
13:32 of 3rd period - Off-side.
13:33 of 3rd period - Jordan Eberle wins face-off versus Jack Roslovic in neutral zone.
13:38 of 3rd period - Wrist shot by Jamie Arniel.
13:38 of 3rd period - Goal by Jamie Arniel - Lightning : 2 - Red Wings : 5.
13:39 of 3rd period - Jamie Arniel wins face-off versus Yanni Gourde in neutral zone.
13:48 of 3rd period - Snap shot by Jamie Arniel.
13:48 of 3rd period - Shot Blocked by Jakob Chychrun.
13:50 of 3rd period - Snap shot by Alex DeBrincat.
13:50 of 3rd period - Stopped by Marc-André Fleury with a rebound.
13:52 of 3rd period - Wrist shot by Alex DeBrincat.
13:52 of 3rd period - Stopped by Marc-André Fleury without a rebound.
13:53 of 3rd period - Yanni Gourde wins face-off versus Dylan Larkin in Lightning zone.
14:00 of 3rd period - Backhand shot by John Carlson.
14:00 of 3rd period - Stopped by Tyler Weiman with a rebound.
14:18 of 3rd period - Jakob Chychrun is hit by Jordan Eberle and loses puck.
14:41 of 3rd period - Tyler Kennedy is hit by Matt Martin and loses puck.
15:18 of 3rd period - Minor Penalty to Brendan Woods for Interference.
15:19 of 3rd period - Jamie Arniel wins face-off versus Yanni Gourde in Red Wings zone.
15:34 of 3rd period - Wrist shot by Yanni Gourde.
15:34 of 3rd period - Shot Misses the Net.
15:44 of 3rd period - Jamie Arniel is hit by Brock Boeser and loses puck.
17:13 of 3rd period - Icing by Shayne Gostisbehere.
17:14 of 3rd period - Jack Roslovic wins face-off versus T.J. Hensick in Lightning zone.
17:18 of 3rd period - Penalty to Brendan Woods is over, Brendan Woods is back on ice.
17:45 of 3rd period - Jake Gardiner is hit by Alex Killorn.
18:13 of 3rd period - Snap shot by Jamie Arniel.
18:13 of 3rd period - Deflect By Alex DeBrincat.
18:13 of 3rd period - Shot Misses the Net.
18:13 of 3rd period - Puck is out of play.
18:14 of 3rd period - Dylan Larkin wins face-off versus Yanni Gourde in Lightning zone.
18:22 of 3rd period - Minor Penalty to Victor Hedman for Hooking.
18:23 of 3rd period - Yanni Gourde wins face-off versus Dylan Larkin in Lightning zone.
Goals for this period are 0 for Lightning vs 1 for Red Wings.
Shots for this period are 8 for Lightning vs 8 for Red Wings.